 Dungeon Crawl Stone Soup version 0.22-a0-512-g0943f25 (webtiles) character file.

21 Gaball the Slasher (level 2, 0/22 HPs)
             Began as a Demonspawn Gladiator on June 18, 2018.
             Slain by a jackal (2 damage)
             ... on level 1 of the Dungeon.
             The game lasted 00:00:57 (396 turns).

Gaball the Slasher (Demonspawn Gladiator)            Turns: 396, Time: 00:00:58

Health: 0/22       AC:  3    Str: 16    XL:     2   Next: 65%
Magic:  2/2        EV: 12    Int:  9    God:
Gold:   33         SH:  0    Dex: 14    Spells: 1/1 levels left

rFire    . . .     SeeInvis .   a - +0 long sword
rCold    . . .     Gourm    .   (no shield)
rNeg     . . .     Faith    .   b - +0 leather armour
rPois    .         Spirit   .   (helmet restricted)
rElec    .         Reflect  .   (no cloak)
rCorr    .         Harm     .   (no gloves)
MR       .....                  (no boots)
Stlth    +.........             (no amulet)
HPRegen  0.07/turn              (no ring)
MPRegen  0.08/turn              (no ring)

@: no status effects
A: horns 1, mutation resistance 1, strong 1
a: no special abilities


You were on level 1 of the Dungeon.
You were not hungry.

You visited 1 branch of the dungeon, and saw 1 of its levels.

You collected 33 gold pieces.

Inventory:

Hand Weapons
 a - a +0 long sword (weapon)
Missiles
 d - 3 throwing nets (quivered)
Armour
 b - a +0 leather armour (worn)
 c - a +0 helmet
Jewellery
 i - a +5 ring of strength {unknown}
 l - an uncursed ring of wizardry {unknown}
Scrolls
 e - 2 scrolls of remove curse {unknown}
 j - a scroll of identify {unknown}
 m - a scroll of immolation {unknown}
Potions
 g - 2 potions of cancellation
Comestibles
 f - 2 rations
 k - a chunk of flesh


   Skills:
 - Level 2.0 Fighting
 + Level 3.4 Long Blades
 - Level 1.7 Throwing
 + Level 0.2 Armour
 - Level 2.6 Dodging
 + Level 0.7 Stealth


You had one spell level left.
You didn't know any spells.
Your spell library was empty.

Dungeon Overview and Level Annotations

Branches:
Dungeon (1/15)

Altars:


Innate Abilities, Weirdness & Mutations

You have a pair of small horns on your head.
You are somewhat resistant to further mutation.
Your muscles are strong. (Str +2)


Message History

The jackal bites you.
* * * LOW HITPOINT WARNING * * *
The jackal bites you.
* * * LOW HITPOINT WARNING * * *
The jackal bites you but does no damage.
The jackal barely misses you.
You riposte.
You hit the jackal but do no damage. You closely miss the jackal.
The jackal bites you.
* * * LOW HITPOINT WARNING * * *
You closely miss the jackal.
You kill the jackal!
It was a potion of cancellation.
You feel magically purged.
The jackal bites you but does no damage.
Throwing (i - inventory)
d - 3 throwing nets (quivered)
Press: ? - help, Shift-Dir - straight line, f - jackal
Aim: a jackal
Okay, then.
It was a potion of mutation.
You feel extremely strange.
You feel stronger.
You feel genetically stable. The jackal bites you.
You die...

................#.## #.#
.....†##........#..# #(#
....#.##.......# #.# ### #.#
...#h.###......###.#####.. #.#
###..## #................. #.#
##h.## #...#.##.#.####.. ##.#
.h.## ###.h..#..#...# #.# #...
.######...lh#.##.#..###.# #.#.
.####.......#.##@#......# #<#.
..#....###...#hh#..##...# ###.
#....### ##.#l##.#.##...## #.
....## #........##....#######.
.#.#########........÷....))......
.......... .....#####...###......
...############.# ##...###......
.#..# #.####............. .##.#
#.........###......


You could see 2 jackals and a frilled lizard.

Vanquished Creatures
  A dart slug (D:1)
  A leopard gecko (D:1)
  A giant cockroach (D:1)
  2 goblins (D:1)
  A hobgoblin (D:1)
  A jackal (D:1)
  3 kobolds (D:1)
  3 bats (D:1)
  2 frilled lizards (D:1)
  2 rats (D:1)
17 creatures vanquished.

Notes
Turn   | Place    | Note
-------+----------+-------------------------------------------
     0 | D:1      | Gaball the Demonspawn Gladiator began the quest for the Orb.
     0 | D:1      | Reached XP level 1. HP: 16/16 MP: 1/1
    38 | D:1      | Reached skill level 3 in Long Blades
    79 | D:1      | Gained mutation: You have a pair of small horns on your head. [demonic ancestry]
    79 | D:1      | Reached XP level 2. HP: 9/22 MP: 2/2
   396 | D:1      | Gained mutation: Your muscles are strong. (Str +2) [potion of mutation]
   396 | D:1      | Gained mutation: You are somewhat resistant to further mutation. [potion of mutation]
   396 | D:1      | Slain by a jackal

Vault maps used:
D:1:      dpeg_arrival_tiny_a, minmay_small_reverse_x

Skill      XL: |  1 |
---------------+----+-----
Long Blades    | 3 |  3.4
Fighting       | |  2.0
Throwing       | |  1.7
Armour         | |  0.2
Dodging        | |  2.6
Stealth        | |  0.7

Action                   || total
-------------------------++-------
Melee: Long sword        ||    41
       Headbutt          ||     5
  Use: Potion            ||     2
 Stab: Sleeping          ||     2
Armor: Leather armour    ||    16
Dodge: Dodged            ||    40
       Rpst.: Long sword ||    17

Table legend:
 A = Spawn XP
 B = Non-spawn XP
 C = Spawn XP percentage of total XP
 D = Spawn monster count
 E = Non-spawn monster count
 F = Spawn count percentage of total count
 G = Total turns spent on level
                    A         B        C        D         E        F      G
               +---------+---------+-------+---------+---------+-------+---------
         Total |       0 |      31 |   0.0 |       0 |      17 |   0.0 |   396
               +---------+---------+-------+---------+---------+-------+---------
           D:1 |       0 |      31 |   0.0 |       0 |      17 |   0.0 |   396
               +---------+---------+-------+---------+---------+-------+---------
